| TOP OF THE 1ST |
|
Toronto Blue Jays batting - Pitching for Seattle Mariners : RHP Bob Moose
|
|
Pitching: RHP Bob Moose
|
|
|
Batting: SHB Harold Reynolds
|
0-0: Ball 1-0: Bunted foul 1-1: Called Strike 1-2: Ground out 6-3 (Groundball, 6D, EV 98.1 MPH)
|
|
Batting: LHB Sheldon Mallory
|
0-0: Called Strike 0-1: Ball 1-1: Fly out, F6 (Popup, 6, EV 65.6 MPH)
|
|
Batting: LHB Chad Daley
|
0-0: Ball 1-0: Fly out, F7 (Line Drive, 7, EV 87.5 MPH)
|
| Top of the 1st over - 0 runs, 0 hits, 0 errors, 0 left on base; Toronto 0 - Seattle 0 |
| BOTTOM OF THE 1ST |
|
Seattle Mariners batting - Pitching for Toronto Blue Jays : RHP Storm Davis
|
|
Pitching: RHP Storm Davis
|
|
|
Batting: LHB Jose Perales
|
0-0: Ball 1-0: Called Strike 1-1: Ball 2-1: Swinging Strike 2-2: Ball 3-2: Foul Ball, location: 2F 3-2: Strikes out swinging
|
|
Batting: LHB Mike Stenhouse
|
0-0: Ball 1-0: Called Strike 1-1: SOLO HOME RUN (Flyball, 9D, EV 105.6 MPH), Distance : 390 ft
|
|
Batting: RHB Robin Yount
|
0-0: Called Strike 0-1: Called Strike 0-2: Foul Ball, location: 2F 0-2: Ball 1-2: Foul Ball, location: 2F 1-2: SOLO HOME RUN (Flyball, 78XD, EV 93.1 MPH), Distance : 384 ft
|
|
Batting: LHB Don Mattingly
|
0-0: Called Strike 0-1: Ball 1-1: Fly out, F8 (Flyball, 78D, EV 100.0 MPH)
|
|
Batting: LHB Chris Wynn
|
0-0: Ball 1-0: Ball 2-0: Called Strike 2-1: Swinging Strike 2-2: Strikes out swinging
|
| Bottom of the 1st over - 2 runs, 2 hits, 0 errors, 0 left on base; Toronto 0 - Seattle 2 |
| TOP OF THE 2ND |
|
Toronto Blue Jays batting - Pitching for Seattle Mariners : RHP Bob Moose
|
|
Batting: RHB Jose Gonzalez
|
0-0: Ball 1-0: Fly out, F8 (Line Drive, 8RD, EV 93.8 MPH)
|
|
Batting: SHB Ron Roenicke
|
0-0: Called Strike 0-1: Foul Ball, location: 2F 0-2: Strikes out looking
|
|
Batting: LHB Steve Stroughter
|
0-0: Ball 1-0: Called Strike 1-1: Foul Ball, location: 2F 1-2: Ball 2-2: Ball 3-2: Base on Balls
|
|
Batting: RHB Cal Ripken
|
0-0: Ball 1-0: Ball 2-0: Called Strike 2-1: Ball 3-1: Foul Ball, location: 2F 3-2: DOUBLE (Line Drive, 8RXD, EV 102.5 MPH) Steve Stroughter to third Steve Stroughter scores
|
|
Batting: RHB Juan Monasterio
|
0-0: Called Strike 0-1: Ball 1-1: Called Strike 1-2: Ball 2-2: Ground out 5-3 (Groundball, 56, EV 88.8 MPH)
|
| Top of the 2nd over - 1 run, 1 hit, 0 errors, 1 left on base; Toronto 1 - Seattle 2 |
| BOTTOM OF THE 2ND |
|
Seattle Mariners batting - Pitching for Toronto Blue Jays : RHP Storm Davis
|
|
Batting: RHB Tony Conigliaro
|
0-0: Foul Ball, location: 2F 0-1: Ball 1-1: Ground out 4-3 (Groundball, 4D, EV 106.3 MPH)
|
|
Batting: LHB Ivan Flores
|
0-0: Foul Ball, location: 2F 0-1: Fly out, F8 (Line Drive, 8RD, EV 105.6 MPH)
|
|
Batting: RHB Ryne Sandberg
|
0-0: Ground out 4-3 (Groundball, 34, EV 89.4 MPH)
|
| Bottom of the 2nd over - 0 runs, 0 hits, 0 errors, 0 left on base; Toronto 1 - Seattle 2 |
| TOP OF THE 3RD |
|
Toronto Blue Jays batting - Pitching for Seattle Mariners : RHP Bob Moose
|
|
Batting: LHB Brad Gulden
|
0-0: Ball 1-0: Foul Ball, location: 2F 1-1: Ball 2-1: Ball 3-1: Ground out 6-3 (Groundball, 6M, EV 90.0 MPH)
|
|
Batting: SHB Harold Reynolds
|
0-0: Called Strike 0-1: SINGLE (Line Drive, 78M, EV 112.5 MPH)
|
|
Batting: LHB Sheldon Mallory
|
0-0: Ball 1-0: Ball 2-0: Called Strike 2-1: Grounds out, U3 (Groundball, 3L, EV 100.6 MPH)
|
|
Batting: LHB Chad Daley
|
0-0: Called Strike 0-1: Ball 1-1: Swinging Strike 1-2: Strikes out swinging
|
| Top of the 3rd over - 0 runs, 1 hit, 0 errors, 1 left on base; Toronto 1 - Seattle 2 |
| BOTTOM OF THE 3RD |
|
Seattle Mariners batting - Pitching for Toronto Blue Jays : RHP Storm Davis
|
|
Batting: RHB Ken Reitz
|
0-0: SINGLE (Groundball, 6D, EV 94.4 MPH)
|
|
Batting: LHB Jose Perales
|
0-0: Foul Ball, location: 2F 0-1: Ball 1-1: Swinging Strike 1-2: Foul Ball, location: 2F 1-2: Fly out, F7 (Flyball, 7, EV 93.8 MPH)
|
|
Batting: LHB Mike Stenhouse
|
0-0: Ball 1-0: Called Strike 1-1: Ball 2-1: Foul Ball, location: 2F 2-2: Fielders Choice at 2nd, 4-6 (Groundball, 4, EV 92.5 MPH)
|
|
Batting: RHB Robin Yount
|
0-0: Ball 1-0: Called Strike 1-1: Foul Ball, location: 2F 1-2: Ball 2-2: Foul Ball, location: 2F 2-2: Fly out, F7 (Flyball, 7LD, EV 88.1 MPH)
|
| Bottom of the 3rd over - 0 runs, 1 hit, 0 errors, 1 left on base; Toronto 1 - Seattle 2 |
| TOP OF THE 4TH |
|
Toronto Blue Jays batting - Pitching for Seattle Mariners : RHP Bob Moose
|
|
Batting: RHB Jose Gonzalez
|
0-0: Ball 1-0: Ball 2-0: Foul Ball, location: 2F 2-1: Foul Ball, location: 2F 2-2: DOUBLE (Line Drive, 9LM, EV 104.4 MPH)
|
|
Batting: SHB Ron Roenicke
|
0-0: Ball 1-0: Ball 2-0: Ball 3-0: Called Strike 3-1: Base on Balls
|
|
Batting: LHB Steve Stroughter
|
0-0: Ball 1-0: Ball 2-0: Called Strike 2-1: Fly out, F9 (Flyball, 89S, EV 88.1 MPH)
|
|
Batting: RHB Cal Ripken
|
0-0: Ball 1-0: Called Strike 1-1: Ball 2-1: Fly out, F4 (Popup, 4S, EV 68.8 MPH)
|
|
Batting: RHB Juan Monasterio
|
0-0: Called Strike 0-1: Called Strike 0-2: Foul Ball, location: 2F 0-2: Ball 1-2: Ball 2-2: Fielders Choice at 2nd, 6-4 (Groundball, 6, EV 105.6 MPH)
|
| Top of the 4th over - 0 runs, 1 hit, 0 errors, 2 left on base; Toronto 1 - Seattle 2 |
| BOTTOM OF THE 4TH |
|
Seattle Mariners batting - Pitching for Toronto Blue Jays : RHP Storm Davis
|
|
Batting: LHB Don Mattingly
|
0-0: Ball 1-0: Foul Ball, location: 2F 1-1: Called Strike 1-2: Ball 2-2: Fly out, F9 (Flyball, 9LD, EV 86.3 MPH)
|
|
Batting: LHB Chris Wynn
|
0-0: Ball 1-0: Swinging Strike 1-1: Foul Ball, location: 2F 1-2: Foul Ball, location: 2F 1-2: Strikes out swinging
|
|
Batting: RHB Tony Conigliaro
|
0-0: Fly out, F3 (Line Drive, 3, EV 65.6 MPH)
|
| Bottom of the 4th over - 0 runs, 0 hits, 0 errors, 0 left on base; Toronto 1 - Seattle 2 |
| TOP OF THE 5TH |
|
Toronto Blue Jays batting - Pitching for Seattle Mariners : RHP Bob Moose
|
|
Batting: LHB Brad Gulden
|
0-0: Ground out 4-3 (Groundball, 4M, EV 80.0 MPH)
|
|
Batting: SHB Harold Reynolds
|
0-0: Fly out, F9 (Flyball, 9S, EV 73.8 MPH)
|
|
Batting: LHB Sheldon Mallory
|
0-0: Foul Ball, location: 2F 0-1: Ground out U3 (Groundball, 3, EV 86.9 MPH)
|
| Top of the 5th over - 0 runs, 0 hits, 0 errors, 0 left on base; Toronto 1 - Seattle 2 |
| BOTTOM OF THE 5TH |
|
Seattle Mariners batting - Pitching for Toronto Blue Jays : RHP Storm Davis
|
|
Batting: LHB Ivan Flores
|
0-0: Ball 1-0: Foul Ball, location: 2F 1-1: Fly out, F9 (Flyball, 9, EV 71.3 MPH)
|
|
Batting: RHB Ryne Sandberg
|
0-0: Ball 1-0: Ball 2-0: Swinging Strike 2-1: Foul Ball, location: 2F 2-2: Ball 3-2: Strikes out swinging
|
|
Batting: RHB Ken Reitz
|
0-0: Ball 1-0: Called Strike 1-1: Ball 2-1: Called Strike 2-2: Foul Ball, location: 2F 2-2: Ball 3-2: Foul Ball, location: 2F 3-2: SINGLE (Groundball, 56D, EV 100.6 MPH)
|
|
Batting: LHB Jose Perales
|
0-0: Foul Ball, location: 2F 0-1: Foul Ball, location: 2F 0-2: Ball 1-2: Strikes out looking
|
| Bottom of the 5th over - 0 runs, 1 hit, 0 errors, 1 left on base; Toronto 1 - Seattle 2 |
| TOP OF THE 6TH |
|
Toronto Blue Jays batting - Pitching for Seattle Mariners : RHP Bob Moose
|
|
Batting: LHB Chad Daley
|
0-0: Called Strike 0-1: Foul Ball, location: 2F 0-2: Ball 1-2: Ground out U3 (Groundball, 34, EV 85.6 MPH)
|
|
Batting: RHB Jose Gonzalez
|
0-0: Ball 1-0: Fly out, F8 (Flyball, 8RXD, EV 78.1 MPH)
|
|
Batting: SHB Ron Roenicke
|
0-0: Foul Ball, location: 2F 0-1: Called Strike 0-2: Ball 1-2: Ball 2-2: Ground out 6-3 (Groundball, 6, EV 103.1 MPH)
|
| Top of the 6th over - 0 runs, 0 hits, 0 errors, 0 left on base; Toronto 1 - Seattle 2 |
| BOTTOM OF THE 6TH |
|
Seattle Mariners batting - Pitching for Toronto Blue Jays : RHP Storm Davis
|
|
Batting: LHB Mike Stenhouse
|
0-0: Called Strike 0-1: Fly out, F7 (Flyball, 7LM, EV 97.5 MPH)
|
|
Batting: RHB Robin Yount
|
0-0: Ball 1-0: Foul Ball, location: 2F 1-1: SINGLE (Line Drive, 78S, EV 99.4 MPH)
|
|
Batting: LHB Don Mattingly
|
0-0: Ball 1-0: Called Strike 1-1: Called Strike 1-2: Hit by Pitch Robin Yount to second
|
|
Batting: LHB Chris Wynn
|
0-0: Foul Ball, location: 2F 0-1: Fly out, F8 (Flyball, 89M, EV 80.0 MPH)
|
|
Batting: RHB Tony Conigliaro
|
0-0: SINGLE (Groundball, 56D, EV 96.9 MPH) Robin Yount to third Don Mattingly to second Runner from 3rd tries for Home, SAFE, throw by LF to home
|
|
Batting: LHB Ivan Flores
|
0-0: Ball 1-0: Ball 2-0: Foul Ball, location: 2F 2-1: Ground out 4-3 (Groundball, 4S, EV 63.8 MPH)
|
| Bottom of the 6th over - 1 run, 2 hits, 0 errors, 2 left on base; Toronto 1 - Seattle 3 |
| TOP OF THE 7TH |
|
Toronto Blue Jays batting - Pitching for Seattle Mariners : RHP Bob Moose
|
|
Batting: LHB Steve Stroughter
|
0-0: Ball 1-0: Called Strike 1-1: Ball 2-1: Foul Ball, location: 2F 2-2: Ball 3-2: Foul Ball, location: 2F 3-2: Base on Balls
|
|
Batting: RHB Cal Ripken
|
0-0: Called Strike 0-1: Swinging Strike 0-2: Hit by Pitch Steve Stroughter to second
|
|
Batting: RHB Juan Monasterio
|
0-0: Foul Ball, location: 2F 0-1: Ball 1-1: SINGLE (Flyball, 89S, EV 97.5 MPH) Steve Stroughter to third Cal Ripken to second Runner from 3rd tries for Home, SAFE, throw by RF to home
|
|
Batting: LHB Brad Gulden
|
0-0: Called Strike 0-1: Ball 1-1: Called Strike 1-2: Strikes out swinging
|
|
Batting: SHB Harold Reynolds
|
0-0: Called Strike 0-1: Swinging Strike 0-2: Ball 1-2: Ball 2-2: Fly out, F7 (Flyball, 7D, EV 103.8 MPH)
|
|
Batting: LHB Sheldon Mallory
|
0-0: Ball 1-0: Ball 2-0: Called Strike 2-1: Swinging Strike 2-2: SINGLE (Flyball, 56D, EV 90.6 MPH) Cal Ripken to third Juan Monasterio to second Runner from 3rd tries for Home, SAFE, throw by LF to home
|
|
Batting: LHB Chad Daley
|
0-0: Ball 1-0: Foul Ball, location: 2F 1-1: Foul Ball, location: 2F 1-2: SINGLE (Line Drive, 78M, EV 96.3 MPH) Juan Monasterio to third Sheldon Mallory to second Runner from 3rd tries for Home, SAFE, throw by LF to home
|
|
Pitching: LHP Rich Rodas
|
|
|
Batting: RHB Jose Gonzalez
|
0-0: Ball 1-0: 3-RUN HOME RUN (Flyball, 9LD, EV 96.3 MPH), Distance : 361 ft
|
|
Batting: SHB Ron Roenicke
|
0-0: Ball 1-0: Ball 2-0: Reached on error, E6 (Groundball, 6M, EV 83.1 MPH)
|
|
Batting: LHB Steve Stroughter
|
0-0: Ball Ron Roenicke steals 2nd base (no throw) 1-0: Foul Ball, location: 2F 1-1: Ball 2-1: Called Strike 2-2: Foul Ball, location: 2F 2-2: Foul Ball, location: 2F 2-2: Foul Ball, location: 2F 2-2: SINGLE (Groundball, 4D, EV 95.0 MPH) Ron Roenicke to third Runner from 3rd tries for Home, SAFE, throw by CF to home
|
|
Batting: RHB Cal Ripken
|
0-0: Called Strike Steve Stroughter is caught stealing 2nd base 2-4
|
| Top of the 7th over - 7 runs, 5 hits, 1 error, 0 left on base; Toronto 8 - Seattle 3 |
| BOTTOM OF THE 7TH |
|
Seattle Mariners batting - Pitching for Toronto Blue Jays : RHP Storm Davis
|
|
Batting: RHB Ryne Sandberg
|
0-0: Ground out 4-3 (Groundball, 4M, EV 90.0 MPH)
|
|
Batting: RHB Ken Reitz
|
0-0: Ground out 5-3 (Groundball, 5, EV 99.4 MPH)
|
|
Batting: LHB Jose Perales
|
0-0: Called Strike 0-1: Ground out U3 (Groundball, 3, EV 78.1 MPH)
|
| Bottom of the 7th over - 0 runs, 0 hits, 0 errors, 0 left on base; Toronto 8 - Seattle 3 |
| TOP OF THE 8TH |
|
Toronto Blue Jays batting - Pitching for Seattle Mariners : LHP Rich Rodas
|
|
Batting: RHB Cal Ripken
|
0-0: Called Strike 0-1: Ball 1-1: Ball 2-1: Swinging Strike 2-2: Strikes out swinging
|
|
Batting: RHB Juan Monasterio
|
0-0: Called Strike 0-1: Fly out, F8 (Flyball, 8LM, EV 88.1 MPH)
|
|
Batting: LHB Brad Gulden
|
0-0: Ball 1-0: Ball 2-0: Ball 3-0: Called Strike 3-1: Ground out 2-3 (Groundball, 2L, EV 67.5 MPH)
|
| Top of the 8th over - 0 runs, 0 hits, 0 errors, 0 left on base; Toronto 8 - Seattle 3 |
| BOTTOM OF THE 8TH |
|
Seattle Mariners batting - Pitching for Toronto Blue Jays : RHP Storm Davis
|
|
Batting: LHB Mike Stenhouse
|
0-0: Ball 1-0: Ball 2-0: Called Strike 2-1: Ball 3-1: Called Strike 3-2: Base on Balls
|
|
Batting: RHB Robin Yount
|
0-0: Called Strike 0-1: Grounds into double play, 6-4-3 (Groundball, 6, EV 85.0 MPH)
|
|
Batting: LHB Don Mattingly
|
0-0: Called Strike 0-1: Ball 1-1: Called Strike 1-2: Ball 2-2: Ground out 4-3 (Groundball, 4MD, EV 91.9 MPH)
|
| Bottom of the 8th over - 0 runs, 0 hits, 0 errors, 0 left on base; Toronto 8 - Seattle 3 |
| TOP OF THE 9TH |
|
Toronto Blue Jays batting - Pitching for Seattle Mariners : LHP Rich Rodas
|
|
Batting: SHB Harold Reynolds
|
0-0: Ball 1-0: Ground out 3-1 (Groundball, 34S, EV 87.5 MPH)
|
|
Batting: LHB Sheldon Mallory
|
0-0: Ball 1-0: Called Strike 1-1: Ball 2-1: Foul Ball, location: 2F 2-2: Strikes out swinging
|
|
Batting: LHB Chad Daley
|
0-0: Called Strike 0-1: Swinging Strike 0-2: Strikes out swinging, 2-3 out at first.
|
| Top of the 9th over - 0 runs, 0 hits, 0 errors, 0 left on base; Toronto 8 - Seattle 3 |
| BOTTOM OF THE 9TH |
|
Seattle Mariners batting - Pitching for Toronto Blue Jays : RHP Storm Davis
|
|
Batting: LHB Chris Wynn
|
0-0: Ball 1-0: Ground out 3-1 (Groundball, 34, EV 86.9 MPH)
|
|
Batting: RHB Tony Conigliaro
|
0-0: Ball 1-0: SOLO HOME RUN (Line Drive, 78XD, EV 103.8 MPH), Distance : 395 ft
|
|
Batting: LHB Ivan Flores
|
0-0: Fly out, F8 (Line Drive, 8RD, EV 88.8 MPH)
|
|
Batting: RHB Ryne Sandberg
|
0-0: Ball 1-0: Swinging Strike 1-1: Fly out, F9 (Flyball, 9LM, EV 96.9 MPH)
|
| Bottom of the 9th over - 1 run, 1 hit, 0 errors, 0 left on base; Toronto 8 - Seattle 4 |
|